Workbook
Name \s: #REF!
Name \s: #REF!
Name \s: #REF!
Name \t: #REF!
Name \t: #REF!
Name \t: #REF!
Name __6Excel_BuiltIn_Print_Area_3_1_1_1_1_1: #REF!
Name __6Excel_BuiltIn_Print_Area_3_1_1_1_1_1: #REF!
Name __6Excel_BuiltIn_Print_Area_3_1_1_1_1_1: #REF!
Name _10Excel_BuiltIn_Print_Area_5_1: #REF!
Name _10Excel_BuiltIn_Print_Area_5_1: #REF!
Name _10Excel_BuiltIn_Print_Area_5_1: #REF!
Name _10Excel_BuiltIn_Print_Area_7_1: #REF!
Name _10Excel_BuiltIn_Print_Area_7_1: #REF!
Name _10Excel_BuiltIn_Print_Area_7_1: #REF!
Name _11Excel_BuiltIn_Print_Area_8_1: ([1]EMERGÊNCIA!$A$1:$N$213,[1]EMERGÊNCIA!$A$214:$N$290)
Name _12Excel_BuiltIn_Print_Area_6_1: #REF!
Name _12Excel_BuiltIn_Print_Area_6_1: #REF!
Name _12Excel_BuiltIn_Print_Area_6_1: #REF!
Name _12Excel_BuiltIn_Print_Area_9_1: #REF!
Name _12Excel_BuiltIn_Print_Area_9_1: #REF!
Name _12Excel_BuiltIn_Print_Area_9_1: #REF!
Name _13Excel_BuiltIn_Print_Titles_3_1: #REF!
Name _13Excel_BuiltIn_Print_Titles_3_1: #REF!
Name _13Excel_BuiltIn_Print_Titles_3_1: #REF!
Name _14Excel_BuiltIn_Print_Area_7_1: #REF!
Name _14Excel_BuiltIn_Print_Area_7_1: #REF!
Name _14Excel_BuiltIn_Print_Area_7_1: #REF!
Name _14Excel_BuiltIn_Print_Titles_4_1: #REF!
Name _14Excel_BuiltIn_Print_Titles_4_1: #REF!
Name _14Excel_BuiltIn_Print_Titles_4_1: #REF!
Name _15Excel_BuiltIn_Print_Area_8_1: ([1]EMERGÊNCIA!$A$1:$N$213,[1]EMERGÊNCIA!$A$214:$N$290)
Name _15Excel_BuiltIn_Print_Titles_5_1: #REF!
Name _15Excel_BuiltIn_Print_Titles_5_1: #REF!
Name _15Excel_BuiltIn_Print_Titles_5_1: #REF!
Name _16Excel_BuiltIn_Print_Titles_6_1: #REF!
Name _16Excel_BuiltIn_Print_Titles_6_1: #REF!
Name _16Excel_BuiltIn_Print_Titles_6_1: #REF!
Name _17Excel_BuiltIn_Print_Area_9_1: #REF!
Name _17Excel_BuiltIn_Print_Area_9_1: #REF!
Name _17Excel_BuiltIn_Print_Area_9_1: #REF!
Name _17Excel_BuiltIn_Print_Titles_7_1: #REF!
Name _17Excel_BuiltIn_Print_Titles_7_1: #REF!
Name _17Excel_BuiltIn_Print_Titles_7_1: #REF!
Name _18Excel_BuiltIn_Print_Titles_9_1: #REF!
Name _18Excel_BuiltIn_Print_Titles_9_1: #REF!
Name _18Excel_BuiltIn_Print_Titles_9_1: #REF!
Name _1Excel_BuiltIn__FilterDatabase_12_1: #REF!
Name _1Excel_BuiltIn__FilterDatabase_12_1: #REF!
Name _1Excel_BuiltIn__FilterDatabase_12_1: #REF!
Name _1Excel_BuiltIn_Print_Area_2_1: #REF!
Name _1Excel_BuiltIn_Print_Area_2_1: #REF!
Name _1Excel_BuiltIn_Print_Area_2_1: #REF!
Name _28Excel_BuiltIn_Print_Titles_3_1: #REF!
Name _28Excel_BuiltIn_Print_Titles_3_1: #REF!
Name _28Excel_BuiltIn_Print_Titles_3_1: #REF!
Name _2Excel_BuiltIn__FilterDatabase_12_1: #REF!
Name _2Excel_BuiltIn__FilterDatabase_12_1: #REF!
Name _2Excel_BuiltIn__FilterDatabase_12_1: #REF!
Name _2Excel_BuiltIn_Print_Area_1_1_1_1_1_1_1: #REF!

Sheet Planilha
A1: PREFEITURA DE JUIZ DE FORA
A2: SECRETARIA DE OBRAS
A3: SUBSECRETARIA DE GESTÃO DE OBRAS PÚBLICAS
A4: PLANILHA ORÇAMENTÁRIA PROPONENTE
A5: OBRA: | B5: CONTENÇÃO E ESTABILIZAÇÃO DE TALUDE NA AV. OLAVO BILAC - CURVA DA MISÉRIA / JUIZ DE FORA/MG | F5: BDI ONERADO: | I5: ='Composição de BDI'!C20 -> 0.2423 | J5: -
F6: BDI PROJETO: | I6: ='Composição de BDI'!C47 -> 0.261
F7: BDI DIFERENCIADO: | I7: ='Composição de BDI'!C35 -> 0.168
A8: PROPONENTE: | C8: CNPJ: | F8: DESCONTO PROPOSTO:
A9: ITEM | B9: DESCRIÇÃO | C9: REFERÊNCIA ONERADA: SINAPI/MG 07/26 - SICRO3/MG 04/26 SEINFRA: 04/26 - SCO/RJ: 07/26 EMOP/RJ: 07/26 - ORSE/SE: 06/26 | E9: QUANT. | F9: UN. | G9: PREÇO UNITÁRIO SEM BDI | H9: PREÇO UNITÁRIO COM BDI | I9: PREÇO TOTAL COM BDI | J9: BDI (%)
A10: VALOR TOTAL COM BDI ONERADO: 24,23%, EXCETO ITENS: 1.2.1 a 1.2.14 / 1.3.7 a 1.3.10 / 1.4.8 / 1.5.1 / 1.5.16 / 1.5.18 / 1.6.4 / 1.7.4 / 1.8.4 / 1.9.4 / 1.10.4 / 1.11.4 COM BDI DIFERENCIADO: 16,80% E ITENS: 1.13.1 a 1.13.10 / 1.14.1 COM BDI: 26,10% | I10: =I11+I13+I28+I41+I50+I70+I77+I86+I94+I102+I110+I118+I122+I133 -> 8324654.9 | J10: -
A11: 1.1. | B11: ADMINISTRAÇÃO LOCAL (12 MESES: OBRA) | I11: =I12 -> 391717 | J11: -
A12: 1.1.1. | B12: ADMINISTRAÇÃO LOCAL COMPOSTA POR: ENG. CIVIL DE OBRA PLENO / TÉCNICO EM SEGURANÇA DO TRABALHO / ENCARREGADO GERAL / TOPÓGRAFO E AUXILIAR DE TOPÓGRAFO / VIGILÂNCIA DA OBRA (SINAPI: 93567 / 100321 / 93572 / 94296 / 101389 / 101460 - D.B.: 07/2026) | C12: Composição | D12: CPU ADM | E12: 1 | F12: %CT | G12: =(L12*(1-I$8)) -> 3153.16 | H12: =ROUND(G12*(1+J12),2) -> 3917.17 | I12: =ROUND(E12*H12*100,2) -> 391717 | J12: =I$5 -> 0.2423 | L12: 3153.16
A13: 1.2. | B13: ENSAIOS E SONDAGEM | I13: =SUM(I14:I27) -> 119279.06 | J13: -
A14: 1.2.1. | B14: MOBILIZAÇÃO E DESMOBILIZAÇÃO DE EQUIPE DE ENSAIOS TECNOLÓGICOS, CONSIDERANDO O TRANSPORTE ATÉ 50 KM | C14: SCO-RJ | D14: AD 15.12.0050 | E14: 1 | F14: UN | G14: =(L14*(1-I$8)) -> 3586.09 | H14: =ROUND(G14*(1+J14),2) -> 4188.55 | I14: =ROUND(E14*H14,2) -> 4188.55 | J14: =I$7 -> 0.168 | L14: 3586.09
A15: 1.2.2. | B15: SONDAGEM ROTATIVA COM COROA DE WIDIA,EM ALTERACAO DE ROCHA, DIAMETRO H,VERTICAL,INCLUSIVE DESLOCAMENTO DENTRO DO CANTEIR O E INSTALACAO DA SONDA EM CADA FURO | C15: EMOP | D15: 01.002.0012-0 | E15: 32 | F15: M | G15: =(L15*(1-I$8)) -> 298.99 | H15: =ROUND(G15*(1+J15),2) -> 349.22 | I15: =ROUND(E15*H15,2) -> 11175.04 | J15: =I$7 -> 0.168 | L15: 298.99
A16: 1.2.3. | B16: SONDAGEM ROTATIVA COM COROA DE WIDIA,EM ROCHA SA,DIAMETRO NX ,VERTICAL,INCLUSIVE DESLOCAMENTO DENTRO DO CANTEIRO E INSTAL ACAO DA SONDA EM CADA FURO | C16: EMOP | D16: 01.002.0015-0 | E16: 32 | F16: M | G16: =(L16*(1-I$8)) -> 392.79 | H16: =ROUND(G16*(1+J16),2) -> 458.78 | I16: =ROUND(E16*H16,2) -> 14680.96 | J16: =I$7 -> 0.168 | L16: 392.79
A17: 1.2.4. | B17: SONDAGEM A PERCUSSÃO COM ENSAIO DE PENETRAÇÃO PADRÃO (SPT), DIÂMETRO 2.1/2", COM REVESTIMENTO, EXCLUSIVE DIÁRIA, MOBILIZAÇÃO E DESMOBILIZAÇÃO | C17: SEINFRA | D17: CO-29037 | E17: 96 | F17: M | G17: =(L17*(1-I$8)) -> 155.56 | H17: =ROUND(G17*(1+J17),2) -> 181.69 | I17: =ROUND(E17*H17,2) -> 17442.24 | J17: =I$7 -> 0.168 | L17: 155.56
A18: 1.2.5. | B18: MOBILIZAÇÃO E DESMOBILIZAÇÃO DE EQUIPAMENTO DE SONDAGEM A PERCUSSÃO COM ENSAIO DE PENETRAÇÃO PADRÃO (SPT) - (CUSTO FIXO) | C18: SEINFRA | D18: CO-29070 | E18: 1 | F18: UN | G18: =(L18*(1-I$8)) -> 3263.91 | H18: =ROUND(G18*(1+J18),2) -> 3812.25 | I18: =ROUND(E18*H18,2) -> 3812.25 | J18: =I$7 -> 0.168 | L18: 3263.91
A19: 1.2.6. | B19: TAXA DE INSTALAÇÃO POR FURO PARA SONDAGEM A PERCUSSÃO COM ENSAIO DE PENETRAÇÃO PADRÃO (SPT), DIÂMETRO 2.1/2", EXCLUSIVE SONDAGEM | C19: SEINFRA | D19: CO-29027 | E19: 8 | F19: UN | G19: =(L19*(1-I$8)) -> 374.52 | H19: =ROUND(G19*(1+J19),2) -> 437.44 | I19: =ROUND(E19*H19,2) -> 3499.52 | J19: =I$7 -> 0.168 | L19: 374.52
A20: 1.2.7. | B20: ENSAIO DE CISALHAMENTO DIRETO, EM JUNTAS (DIACLASES), EM LABORATÓRIO, COM CONTROLE DE DESLOCAMENTO CISALHANTE E DA TENSÃO NORMAL APLICADA, ATRAVÉS DE SISTEMA DE AQUISIÇÃO DE DADOS AUTOMÁTICO, PARA 5 NÍVEIS DE TENSÃO NORMAL, INCLUINDO A PREPARAÇÃO DA AMOSTRA POR CORPO DE PROVA E DE RELATÓRIO, EXCLUINDO A EXTRAÇÃO DA AMOSTRA ORIENTADA | C20: SCO-RJ | D20: AD 35.25.0050 | E20: 2 | F20: UN | G20: =(L20*(1-I$8)) -> 3610.74 | H20: =ROUND(G20*(1+J20),2) -> 4217.34 | I20: =ROUND(E20*H20,2) -> 8434.68 | J20: =I$7 -> 0.168 | L20: 3610.74
A21: 1.2.8. | B21: AMOSTRA INDEFORMADA EM BLOCO | C21: SCO-RJ | D21: AD 35.35.0050 | E21: 4 | F21: UN | G21: =(L21*(1-I$8)) -> 362.8 | H21: =ROUND(G21*(1+J21),2) -> 423.75 | I21: =ROUND(E21*H21,2) -> 1695 | J21: =I$7 -> 0.168 | L21: 362.8
A22: 1.2.9. | B22: ENSAIO TRIAXIAL DRENADO EM AMOSTRA NATURAL POR CP | C22: SCO-RJ | D22: AD 35.35.1000 | E22: 12 | F22: UN | G22: =(L22*(1-I$8)) -> 2741.02 | H22: =ROUND(G22*(1+J22),2) -> 3201.51 | I22: =ROUND(E22*H22,2) -> 38418.12 | J22: =I$7 -> 0.168 | L22: 2741.02
A23: 1.2.10. | B23: ENSAIO TRIAXIAL NÃO DRENADO EM AMOSTRA NATURAL POR CP | C23: SCO-RJ | D23: AD 35.35.1100 | E23: 6 | F23: UN | G23: =(L23*(1-I$8)) -> 1028.33 | H23: =ROUND(G23*(1+J23),2) -> 1201.09 | I23: =ROUND(E23*H23,2) -> 7206.54 | J23: =I$7 -> 0.168 | L23: 1028.33
A24: 1.2.11. | B24: ANÁLISE GRANULOMÉTRICA COMPLETA, EM AMOSTRA DE SOLO, DE ACORDO COM A NBR7181 E NBR6457, COMPREENDENDO AS FASES DE PENEIRAMENTO E SEDIMENTAÇÃO, QUANDO CONSTATADA A PRESENÇA DE PARTÍCULAS FINAS EM SUA COMPOSIÇÃO | C24: SCO-RJ | D24: AD 05.05.0053 | E24: 8 | F24: UN | G24: =(L24*(1-I$8)) -> 520.4 | H24: =ROUND(G24*(1+J24),2) -> 607.83 | I24: =ROUND(E24*H24,2) -> 4862.64 | J24: =I$7 -> 0.168 | L24: 520.4
A25: 1.2.12. | B25: ENSAIO PARA DETERMINAÇÃO, EM LABORATÓRIO, DO LIMITE DE LIQUIDEZ DE AMOSTRA DE SOLO FINO, DE ACORDO COM AS RECOMENDAÇÕES DA NBR7180 E DA NBR6457 | C25: SCO-RJ | D25: AD 05.05.0250 | E25: 8 | F25: UN | G25: =(L25*(1-I$8)) -> 199.61 | H25: =ROUND(G25*(1+J25),2) -> 233.14 | I25: =ROUND(E25*H25,2) -> 1865.12 | J25: =I$7 -> 0.168 | L25: 199.61
... A27: 1.2.14. | B27: ENSAIO PARA DETERMINAÇÃO DA UMIDADE NATURAL DE AMOSTRAS DE SOLO, EM LABORATÓRIO | C27: SCO-RJ | D27: AD 05.05.0550 | E27: 8 | F27: UN | G27: =(L27*(1-I$8)) -> 103.37 | H27: =ROUND(G27*(1+J27),2) -> 120.74 | I27: =ROUND(E27*H27,2) -> 965.92 | J27: =I$7 -> 0.168 | L27: 103.37
A28: 1.3. | B28: SERVIÇOS PRELIMINARES / CANTEIRO DE OBRAS | I28: =SUM(I29:I40) -> 93755.63 | J28: -
A29: 1.3.1. | B29: FORNECIMENTO E INSTALAÇÃO DE PLACA DE OBRA COM CHAPA GALVANIZADA E ESTRUTURA DE MADEIRA. AF_03/2022_PS | C29: SINAPI | D29: 103689 | E29: 6.48 | F29: M2 | G29: =(L29*(1-I$8)) -> 384.29929 | H29: =ROUND(G29*(1+J29),2) -> 477.42 | I29: =ROUND(E29*H29,2) -> 3093.68 | J29: =I$5 -> 0.2423 | L29: 384.29929
A30: 1.3.2. | B30: TAPUME COM TELHA METÁLICA. AF_03/2024 | C30: SINAPI | D30: 98459 | E30: 52.8 | F30: M2 | G30: =(L30*(1-I$8)) -> 89.69 | H30: =ROUND(G30*(1+J30),2) -> 111.42 | I30: =ROUND(E30*H30,2) -> 5882.98 | J30: =I$5 -> 0.2423 | L30: 89.69
A31: 1.3.3. | B31: LIGAÇÃO DE ÁGUA PROVISÓRIA PARA CANTEIRO, INCLUSIVE HIDRÔMETRO E CAVALETE PARA MEDIÇÃO DE ÁGUA ENTRADA PRINCIPAL, EM AÇO GALVANIZADO DN 20MM (1/2") PADRÃO CONCESSIONÁRIA | C31: SEINFRA | D31: ED-50150 | E31: 1 | F31: UN | G31: =(L31*(1-I$8)) -> 682.392 | H31: =ROUND(G31*(1+J31),2) -> 847.74 | I31: =ROUND(E31*H31,2) -> 847.74 | J31: =I$5 -> 0.2423 | L31: 682.392
A32: 1.3.4. | B32: LIGAÇÃO DE ESGOTO PARA BARRACÃO DE OBRA EM CANTEIRO, EXCLUSIVE FOSSA SÉPTICA | C32: SEINFRA | D32: ED-31745 | E32: 1 | F32: UN | G32: =(L32*(1-I$8)) -> 960.74 | H32: =ROUND(G32*(1+J32),2) -> 1193.53 | I32: =ROUND(E32*H32,2) -> 1193.53 | J32: =I$5 -> 0.2423 | L32: 960.74
A33: 1.3.5. | B33: LIGAÇÃO PROVISÓRIA COM ENTRADA DE ENERGIA AÉREA, PADRÃO CEMIG, CARGA INSTALADA DE 15,1KVA ATÉ 30KVA, TRIFÁSICO, COM SAÍDA SUBTERRÂNEA, INCLUSIVE POSTE, CAIXA PARA MEDIDOR, DISJUNTOR, BARRAMENTO, ATERRAMENTO E ACESSÓRIOS | C33: SEINFRA | D33: ED-50151 | E33: 1 | F33: UN | G33: =(L33*(1-I$8)) -> 963.94 | H33: =ROUND(G33*(1+J33),2) -> 1197.5 | I33: =ROUND(E33*H33,2) -> 1197.5 | J33: =I$5 -> 0.2423 | L33: 963.94
A34: 1.3.6. | B34: BARRACÃO DE OBRA PARA DEPÓSITO E FERRAMENTARIA TIPO-II, ÁREA INTERNA 25,41M2, EM CHAPA DE COMPENSADO RESINADO, INCLUSIVE MOBILIÁRIO (OBRA DE MÉDIO PORTE, EFETIVO DE 30 A 60 HOMENS), PADRÃO DER-MG | C34: SEINFRA | D34: ED-50129 | E34: 1 | F34: UN | G34: =(L34*(1-I$8)) -> 16118.305 | H34: =ROUND(G34*(1+J34),2) -> 20023.77 | I34: =ROUND(E34*H34,2) -> 20023.77 | J34: =I$5 -> 0.2423 | L34: 16118.305
A35: 1.3.7. | B35: LOCACAO DE CONTAINER 2,30 X 6,00 M, ALT. 2,50 M, COM 1 SANITARIO, PARA ESCRITORIO, COMPLETO, SEM DIVISORIAS INTERNAS (NAO INCLUI MOBILIZACAO/DESMOBILIZACAO) | C35: SINAPI-I | D35: 10775 | E35: 12 | F35: MES | G35: =(L35*(1-I$8)) -> 980.00428 | H35: =ROUND(G35*(1+J35),2) -> 1144.64 | I35: =ROUND(E35*H35,2) -> 13735.68 | J35: =I$7 -> 0.168 | L35: 980.00428
A36: 1.3.8. | B36: LOCACAO DE CONTAINER 2,30 X 6,00 M, ALT. 2,50 M, PARA ESCRITORIO, SEM DIVISORIAS INTERNAS E SEM SANITARIO (NAO INCLUI MOBILIZACAO/DESMOBILIZACAO) | C36: SINAPI-I | D36: 10776 | E36: 12 | F36: MES | G36: =(L36*(1-I$8)) -> 765.62 | H36: =ROUND(G36*(1+J36),2) -> 894.24 | I36: =ROUND(E36*H36,2) -> 10730.88 | J36: =I$7 -> 0.168 | L36: 765.62
A37: 1.3.9. | B37: LOCACAO DE CONTAINER 2,30 X 6,00 M, ALT. 2,50 M, PARA SANITARIO, COM 4 BACIAS, 8 CHUVEIROS,1 LAVATORIO E 1 MICTORIO (NAO INCLUI MOBILIZACAO/DESMOBILIZACAO) | C37: SINAPI-I | D37: 10778 | E37: 12 | F37: MES | G37: =(L37*(1-I$8)) -> 1225 | H37: =ROUND(G37*(1+J37),2) -> 1430.8 | I37: =ROUND(E37*H37,2) -> 17169.6 | J37: =I$7 -> 0.168 | L37: 1225
A38: 1.3.10. | B38: LOCAÇÃO DE BANHEIRO QUÍMICO, DIMENSÃO (110X120X230)CM, LINHA PADRÃO, CONTENDO UMA (1) PIA/HIGIENIZADOR DE MÃOS, INCLUSIVE MANUTENÇÃO E MOBILIZAÇÃO/DESMOBILIZAÇÃO | C38: SEINFRA | D38: ED-50155 | E38: 12 | F38: MÊS | G38: =(L38*(1-I$8)) -> 980 | H38: =ROUND(G38*(1+J38),2) -> 1144.64 | I38: =ROUND(E38*H38,2) -> 13735.68 | J38: =I$7 -> 0.168 | L38: 980
A39: 1.3.11. | B39: INSTALAÇÃO E DESINSTALAÇÃO MECANIZADA DE CONTÊINER OU MÓDULO HABITÁVEL DE USOS DIVERSOS. AF_03/2024 | C39: SINAPI | D39: 105115 | E39: 3 | F39: UN | G39: =(L39*(1-I$8)) -> 142.08 | H39: =ROUND(G39*(1+J39),2) -> 176.51 | I39: =ROUND(E39*H39,2) -> 529.53 | J39: =I$5 -> 0.2423 | L39: 142.08
A40: 1.3.12. | B40: EXECUÇÃO DOS APOIOS PARA CONTÊINER OU MÓDULO HABITÁVEL. AF_03/2024 | C40: SINAPI | D40: 105114 | E40: 2.25 | F40: M3 | G40: =(L40*(1-I$8)) -> 2008.84 | H40: =ROUND(G40*(1+J40),2) -> 2495.58 | I40: =ROUND(E40*H40,2) -> 5615.06 | J40: =I$5 -> 0.2423 | L40: 2008.84
A41: 1.4. | B41: TERRAPLENAGEM, DEMOLIÇÕES E REMOÇÕES | I41: =SUM(I42:I49) -> 210264.29 | J41: -
A42: 1.4.1. | B42: SUAVIZAÇÃO E RECONFORMAÇÃO MANUAL DE TALUDES, COM PEQUENO DESMATAMENTO E ALTURA MÉDIA DE 1,50M (SCO-RJ: SE 20.05.0700 D.B.: 07/2026) | C42: Composição | D42: SE 20.05.0700 | E42: 532.5 | F42: M3 | G42: =(L42*(1-I$8)) -> 124.4 | H42: =ROUND(G42*(1+J42),2) -> 154.54 | I42: =ROUND(E42*H42,2) -> 82292.55 | J42: =I$5 -> 0.2423 | L42: 124.4
A43: 1.4.2. | B43: CORTE RASO E RECORTE DE ÁRVORE COM DIÂMETRO DE TRONCO MAIOR OU IGUAL A 0,20 M E MENOR QUE 0,40 M. AF_03/2024 | C43: SINAPI | D43: 98529 | E43: 206 | F43: UN | G43: =(L43*(1-I$8)) -> 87.43 | H43: =ROUND(G43*(1+J43),2) -> 108.61 | I43: =ROUND(E43*H43,2) -> 22373.66 | J43: =I$5 -> 0.2423 | L43: 87.43
A44: 1.4.3. | B44: DESTOCAMENTO DE ÁRVORES COM DIÂMETRO DE 0,15 A 0,30 M | C44: SICRO | D44: 5501701 | E44: 206 | F44: UN | G44: =(L44*(1-I$8)) -> 53.85 | H44: =ROUND(G44*(1+J44),2) -> 66.9 | I44: =ROUND(E44*H44,2) -> 13781.4 | J44: =I$5 -> 0.2423 | L44: 53.85
A45: 1.4.4. | B45: DEMOLIÇÃO DE LAJES, EM CONCRETO ARMADO, DE FORMA MECANIZADA COM MARTELETE, SEM REAPROVEITAMENTO. AF_09/2023 | C45: SINAPI | D45: 97629 | E45: 26.4 | F45: M3 | G45: =(L45*(1-I$8)) -> 108.7 | H45: =ROUND(G45*(1+J45),2) -> 135.04 | I45: =ROUND(E45*H45,2) -> 3565.06 | J45: =I$5 -> 0.2423 | L45: 108.7
A46: 1.4.5. | B46: REMOÇAO DE GUIAS PRÉ-FABRICADAS DE CONCRETO, DE FORMA MECANIZADA, COM REAPROVEITAMENTO. AF_09/2023 | C46: SINAPI | D46: 104797 | E46: 220 | F46: M | G46: =(L46*(1-I$8)) -> 20.49 | H46: =ROUND(G46*(1+J46),2) -> 25.45 | I46: =ROUND(E46*H46,2) -> 5599 | J46: =I$5 -> 0.2423 | L46: 20.49
A47: 1.4.6. | B47: CARGA, MANOBRA E DESCARGA DE SOLOS E MATERIAIS GRANULARES EM CAMINHÃO BASCULANTE 18 M³ - CARGA COM ESCAVADEIRA HIDRÁULICA (CAÇAMBA DE 1,20 M³ / 155 HP) E DESCARGA LIVRE (UNIDADE: M3). AF_02/2026 | C47: SINAPI | D47: 100980 | E47: 1326.24 | F47: M3 | G47: =(L47*(1-I$8)) -> 6.71 | H47: =ROUND(G47*(1+J47),2) -> 8.34 | I47: =ROUND(E47*H47,2) -> 11060.84 | J47: =I$5 -> 0.2423 | L47: 6.71
A48: 1.4.7. | B48: TRANSPORTE COM CAMINHÃO BASCULANTE DE 18 M³, EM VIA URBANA PAVIMENTADA, DMT ATÉ 30 KM (UNIDADE: M3XKM). AF_02/2026 | C48: SINAPI | D48: 95877 | E48: 12334.04 | F48: M3XKM | G48: =(L48*(1-I$8)) -> 2.07 | H48: =ROUND(G48*(1+J48),2) -> 2.57 | I48: =ROUND(E48*H48,2) -> 31698.48 | J48: =I$5 -> 0.2423 | L48: 2.07
A49: 1.4.8. | B49: TAXA DE DESTINAÇÃO DE RESÍDUOS INSERVÍVEIS EM ATERRO DE INERTES LICENCIADO PELA PJF | C49: COTAÇÃO | D49: COT1 | E49: 1326.24 | F49: M3 | G49: =(L49*(1-I$8)) -> 25.75 | H49: =ROUND(G49*(1+J49),2) -> 30.08 | I49: =ROUND(E49*H49,2) -> 39893.3 | J49: =I$7 -> 0.168 | L49: 25.75
A50: 1.5. | B50: SOLO GRAMPEADO | I50: =SUM(I51:I69) -> 7179380.3 | J50: -
A51: 1.5.1. | B51: FORNECIMENTO DE ANDAIME METÁLICO PARA FACHADA (LOCAÇÃO), INCLUSIVE PISO METÁLICO E SAPATAS, EXCLUSIVE MONTAGEM E DESMONTAGEM | C51: SEINFRA | D51: ED-9075 | E51: 2250 | F51: M2xMÊS | G51: =(L51*(1-I$8)) -> 13.38 | H51: =ROUND(G51*(1+J51),2) -> 15.63 | I51: =ROUND(E51*H51,2) -> 35167.5 | J51: =I$7 -> 0.168 | L51: 13.38
A52: 1.5.2. | B52: MONTAGEM E DESMONTAGEM DE ANDAIME METÁLICO PARA FACHADA COM PISO METÁLICO, EXCLUSIVE FORNECIMENTO DO ANDAIME E RODAPÉ/GUARDA-CORPO EM MADEIRA | C52: SEINFRA | D52: ED-48246 | E52: 2250 | F52: M2 | G52: =(L52*(1-I$8)) -> 10.8 | H52: =ROUND(G52*(1+J52),2) -> 13.42 | I52: =ROUND(E52*H52,2) -> 30195 | J52: =I$5 -> 0.2423 | L52: 10.8
A53: 1.5.3. | B53: EXECUÇÃO DE SERVIÇOS DE FIXAÇÃO DE MALHA HEXAGONAL DE DUPLA TORÇÃO ASSOCIADA A CABOS DE AÇO COM RESISTÊNCIA DE PUNCIONAMENTO DE 74 KN E RESISTÊNCIA À TRAÇÃO DE 72 KN/M, EXCETO SERVIÇOS DE GRAMPEAMENTO, HIDROSEMEADURA E IRRIGAÇÃO (SINAPI 105522 - D.B.: 06/2026) | C53: Composição | D53: CPU 105522 | E53: 7100 | F53: M2 | G53: =(L53*(1-I$8)) -> 170.29 | H53: =ROUND(G53*(1+J53),2) -> 211.55 | I53: =ROUND(E53*H53,2) -> 1502005 | J53: =I$5 -> 0.2423 | L53: 170.29
A54: 1.5.4. | B54: EXECUÇÃO DE GRAMPO DE AÇO COM COMPRIMENTO MAIOR QUE 10 M, DIÂMETRO DE 10 CM, INCLUSIVE PERFURAÇÃO EM SOLO, INCLUSIVE ARMADURA Ø32 MM, INJEÇÃO DE NATA DE CIMENTO, CARGA, MANOBRA E DESCARGA EM CAMINHÃO DE MATERIAL PERFURADO, CAMINHÃO PIPA E TARIFA DE ÁGUA (SINAPI 93961 - D.B.: 07/2026) | C54: Composição | D54: CPU 93961B | E54: 5140 | F54: M | G54: =(L54*(1-I$8)) -> 264.78 | H54: =ROUND(G54*(1+J54),2) -> 328.94 | I54: =ROUND(E54*H54,2) -> 1690751.6 | J54: =I$5 -> 0.2423 | L54: 264.78
A55: 1.5.5. | B55: EXECUÇÃO DE GRAMPO DE AÇO COM COMPRIMENTO MAIOR QUE 10 M, DIÂMETRO DE 10 CM, INCLUSIVE PERFURAÇÃO EM MATERIAL DE 3ª CAT. (ROCHA ALTERADA), ARMADURA Ø32 MM, INJEÇÃO DE NATA DE CIMENTO, CARGA, MANOBRA E DESCARGA EM CAMINHÃO DE MATERIAL PERFURADO, CAMINHÃO PIPA E TARIFA DE ÁGUA (SINAPI 93961 / 90979 / 90982 - D.B.: 07/2026 / SICRO 5605940 (M1869 / M1875 / M1874) - D.B.: 04/2026)) | C55: Composição | D55: CP 93961A | E55: 6425 | F55: M | G55: =(L55*(1-I$8)) -> 276.02 | H55: =ROUND(G55*(1+J55),2) -> 342.9 | I55: =ROUND(E55*H55,2) -> 2203132.5 | J55: =I$5 -> 0.2423 | L55: 276.02
A56: 1.5.6. | B56: EXECUÇÃO DE GRAMPO DE AÇO COM COMPRIMENTO MAIOR QUE 10 M, DIÂMETRO DE 10 CM, INCLUSIVE PERFURAÇÃO EM MATERIAL DE 3ª CAT. (ROCHA SÃ), ARMADURA Ø32 MM, INJEÇÃO DE NATA DE CIMENTO, PLACA E PORCA DE ANCORAGEM, CARGA, MANOBRA E DESCARGA EM CAMINHÃO DE MATERIAL PERFURADO, CAMINHÃO PIPA E TARIFA DE ÁGUA (SINAPI 93961 / 90979 / 90982 - D.B.: 07/2026 / SICRO 5605940 (M1869 / M1875 / M1874) - D.B.: 04/2026)) | C56: Composição | D56: CP 93961B | E56: 3855 | F56: M | G56: =(L56*(1-I$8)) -> 292.72 | H56: =ROUND(G56*(1+J56),2) -> 363.65 | I56: =ROUND(E56*H56,2) -> 1401870.8 | J56: =I$5 -> 0.2423 | L56: 292.72
A57: 1.5.7. | B57: HIDROSSEMEADURA | C57: SICRO | D57: 4413905 | E57: 7100 | F57: M2 | G57: =(L57*(1-I$8)) -> 6.35 | H57: =ROUND(G57*(1+J57),2) -> 7.89 | I57: =ROUND(E57*H57,2) -> 56019 | J57: =I$5 -> 0.2423 | L57: 6.35
A58: 1.5.8. | B58: IRRIGAÇÃO DE ÁREA PLANTADA PARA PROTEÇÃO VEGETAL DO CORPO ESTRADAL | C58: SICRO | D58: 4413987 | E58: 7100 | F58: M2 | G58: =(L58*(1-I$8)) -> 0.43 | H58: =ROUND(G58*(1+J58),2) -> 0.53 | I58: =ROUND(E58*H58,2) -> 3763 | J58: =I$5 -> 0.2423 | L58: 0.43
A59: 1.5.9. | B59: DRENO SUB-HORIZONTAL - DSH 01 - MATERIAL DE 1ª CATEGORIA | C59: SICRO | D59: 2003614 | E59: 212.5 | F59: M | G59: =(L59*(1-I$8)) -> 154.41 | H59: =ROUND(G59*(1+J59),2) -> 191.82 | I59: =ROUND(E59*H59,2) -> 40761.75 | J59: =I$5 -> 0.2423 | L59: 154.41
A60: 1.5.10. | B60: DRENO SUB-HORIZONTAL - DSH 01 - MATERIAL DE 2ª CATEGORIA | C60: SICRO | D60: 2003865 | E60: 85 | F60: M | G60: =(L60*(1-I$8)) -> 174.63 | H60: =ROUND(G60*(1+J60),2) -> 216.94 | I60: =ROUND(E60*H60,2) -> 18439.9 | J60: =I$5 -> 0.2423 | L60: 174.63
A61: 1.5.11. | B61: DRENO SUB-HORIZONTAL - DSH 01 - MATERIAL DE 3ª CATEGORIA, EXCETO PERFURAÇÃO (SICRO 2003614 - D.B.: 04/2026) | C61: Composição | D61: 2003614A | E61: 127.5 | F61: M | G61: =(L61*(1-I$8)) -> 85.57 | H61: =ROUND(G61*(1+J61),2) -> 106.3 | I61: =ROUND(E61*H61,2) -> 13553.25 | J61: =I$5 -> 0.2423 | L61: 85.57
A62: 1.5.12. | B62: PERFURACAO ROTATIVA COM COROA DE WIDIA,EM ROCHA SA,DIAMETRO NX,VERTICAL,INCLUSIVE DESLOCAMENTO DENTRO DO CANTEIRO E INST ALACAO DO EQUIPAMENTO EM CADA FURO | C62: EMOP | D62: 01.002.0077-0 | E62: 127.5 | F62: M | G62: =(L62*(1-I$8)) -> 302.15 | H62: =ROUND(G62*(1+J62),2) -> 375.36 | I62: =ROUND(E62*H62,2) -> 47858.4 | J62: =I$5 -> 0.2423 | L62: 302.15
A63: 1.5.13. | B63: BOCA DE SAÍDA PARA DRENO SUB-HORIZONTAL EM MATERIAL DE 1ª CATEGORIA - BSD 04 - AREIA E BRITA COMERCIAIS | C63: SICRO | D63: 2003616 | E63: 17 | F63: UN | G63: =(L63*(1-I$8)) -> 23.33 | H63: =ROUND(G63*(1+J63),2) -> 28.98 | I63: =ROUND(E63*H63,2) -> 492.66 | J63: =I$5 -> 0.2423 | L63: 23.33
A64: 1.5.14. | B64: CARGA, MANOBRA E DESCARGA DE ENTULHO EM CAMINHÃO BASCULANTE 18 M³ - CARGA COM ESCAVADEIRA HIDRÁULICA (CAÇAMBA DE 0,80 M³ / 111 HP) E DESCARGA LIVRE (UNIDADE: T). AF_02/2026 | C64: SINAPI | D64: 101000 | E64: 367.35 | F64: T | G64: =(L64*(1-I$8)) -> 6.31 | H64: =ROUND(G64*(1+J64),2) -> 7.84 | I64: =ROUND(E64*H64,2) -> 2880.02 | J64: =I$5 -> 0.2423 | L64: 6.31
A65: 1.5.15. | B65: TRANSPORTE COM CAMINHÃO BASCULANTE DE 18 M³, EM VIA URBANA PAVIMENTADA, DMT ATÉ 30 KM (UNIDADE: M3XKM). AF_02/2026 | C65: SINAPI | D65: 95877 | E65: 1464.19 | F65: M3XKM | G65: =(L65*(1-I$8)) -> 2.07 | H65: =ROUND(G65*(1+J65),2) -> 2.57 | I65: =ROUND(E65*H65,2) -> 3762.97 | J65: =I$5 -> 0.2423 | L65: 2.07
A66: 1.5.16. | B66: TAXA DE DESTINAÇÃO DE RESÍDUOS INSERVÍVEIS EM ATERRO DE INERTES LICENCIADO PELA PJF | C66: COTAÇÃO | D66: COT1 | E66: 157.44 | F66: M3 | G66: =(L66*(1-I$8)) -> 25.75 | H66: =ROUND(G66*(1+J66),2) -> 30.08 | I66: =ROUND(E66*H66,2) -> 4735.8 | J66: =I$7 -> 0.168 | L66: 25.75
A67: 1.5.17. | B67: EXECUÇÃO DE GRAMPO DE FIXAÇÃO (BASE: DET."A" E CRISTA: DET."B") PARA SOLO GRAMPEADO COM COMPRIMENTO MENOR OU IGUAL A 6 M, DIÂMETRO DE 7 CM, PERFURAÇÃO COM EQUIPAMENTO MANUAL E ARMADURA COM DIÂMETRO DE 25 MM (SINAPI 93967 D.B.: 07/2026) | C67: Composição | D67: 93967A | E67: 279.45 | F67: M | G67: =(L67*(1-I$8)) -> 262.59 | H67: =ROUND(G67*(1+J67),2) -> 326.22 | I67: =ROUND(E67*H67,2) -> 91162.18 | J67: =I$5 -> 0.2423 | L67: 262.59
A68: 1.5.18. | B68: LOCAÇÃO DE CADEIRA SUSPENSA (BALANCIM),CONFORME NR 18 E ABNT NBR 14751, INCLUSIVE KIT DE SEGURANCA COMPLETO, EXCLUSIVE MONTAGEM E DESMONTAGEM (UN ADOTADA: UNxMÊS) (EMOP 05.007.0015-0) | C68: Composição | D68: 05.007.0015-0 | E68: 50 | F68: UNxMÊS | G68: =(L68*(1-I$8)) -> 412.06 | H68: =ROUND(G68*(1+J68),2) -> 481.29 | I68: =ROUND(E68*H68,2) -> 24064.5 | J68: =I$7 -> 0.168 | L68: 412.06
A69: 1.5.19. | B69: MONTAGEM E DESMONTAGEM DE CADEIRA SUSPENSA (BALANCIM) (EMOP 05.008.0004-0) | C69: Composição | D69: 05.008.0004-0 | E69: 50 | F69: UN | G69: =(L69*(1-I$8)) -> 141.1 | H69: =ROUND(G69*(1+J69),2) -> 175.29 | I69: =ROUND(E69*H69,2) -> 8764.5 | J69: =I$5 -> 0.2423 | L69: 141.1
A70: 1.6. | B70: DISPOSITIVOS DE DRENAGEM: VALETA TRAPEZOIDAL DE CONCRETO C/ ESTACA | I70: =SUM(I71:I76) -> 69302.8 | J70: -
A71: 1.6.1. | B71: ESCAVAÇÃO MANUAL PARA VIGA BALDRAME OU SAPATA CORRIDA (INCLUINDO ESCAVAÇÃO PARA COLOCAÇÃO DE FÔRMAS). AF_01/2024 | C71: SINAPI | D71: 96527 | E71: 56.07 | F71: M3 | G71: =(L71*(1-I$8)) -> 121.2 | H71: =ROUND(G71*(1+J71),2) -> 150.57 | I71: =ROUND(E71*H71,2) -> 8442.46 | J71: =I$5 -> 0.2423 | L71: 121.2
A72: 1.6.2. | B72: CARGA, MANOBRA E DESCARGA DE ENTULHO EM CAMINHÃO BASCULANTE 18 M³ - CARGA COM ESCAVADEIRA HIDRÁULICA (CAÇAMBA DE 0,80 M³ / 111 HP) E DESCARGA LIVRE (UNIDADE: T). AF_02/2026 | C72: SINAPI | D72: 101000 | E72: 133.02 | F72: T | G72: =(L72*(1-I$8)) -> 6.31 | H72: =ROUND(G72*(1+J72),2) -> 7.84 | I72: =ROUND(E72*H72,2) -> 1042.88 | J72: =I$5 -> 0.2423 | L72: 6.31
A73: 1.6.3. | B73: TRANSPORTE COM CAMINHÃO BASCULANTE DE 18 M³, EM VIA URBANA PAVIMENTADA, DMT ATÉ 30 KM (UNIDADE: M3XKM). AF_02/2026 | C73: SINAPI | D73: 95877 | E73: 687.25 | F73: M3XKM | G73: =(L73*(1-I$8)) -> 2.07 | H73: =ROUND(G73*(1+J73),2) -> 2.57 | I73: =ROUND(E73*H73,2) -> 1766.23 | J73: =I$5 -> 0.2423 | L73: 2.07
A74: 1.6.4. | B74: TAXA DE DESTINAÇÃO DE RESÍDUOS INSERVÍVEIS EM ATERRO DE INERTES LICENCIADO PELA PJF | C74: COTAÇÃO | D74: COT1 | E74: 73.9 | F74: M3 | G74: =(L74*(1-I$8)) -> 25.75 | H74: =ROUND(G74*(1+J74),2) -> 30.08 | I74: =ROUND(E74*H74,2) -> 2222.91 | J74: =I$7 -> 0.168 | L74: 25.75
A75: 1.6.5. | B75: EXECUÇÃO DE VALETA DE CONCRETO ARMADO MOLDADO IN LOCO, ESPESSURA DE 0,08 M, GEOMETRIA TRAPEIZOIDAL, COM DIMENSÕES INTERNAS: B1=0,9 M; B2=0,30 M; H=0,30 M, INCLUSIVE ARMAÇÃO DE PROJETO Ø6,3MM E Ø8,0MM (SINAPI 106000 - D.B.: 07/2026) | C75: Composição | D75: 106000A | E75: 163 | F75: M | G75: =(L75*(1-I$8)) -> 251.08 | H75: =ROUND(G75*(1+J75),2) -> 311.92 | I75: =ROUND(E75*H75,2) -> 50842.96 | J75: =I$5 -> 0.2423 | L75: 251.08
A76: 1.6.6. | B76: ESTACA BROCA DE CONCRETO 20MPA, DIÂMETRO DE 11CM, ESCAVAÇÃO MANUAL COM TRADO CONCHA, COM ARMADURA, CONFORME PROJETO (SINAPI 101173 D.B.: 07/2026) | C76: Composição | D76: 101173A | E76: 81.5 | F76: M | G76: =(L76*(1-I$8)) -> 49.24 | H76: =ROUND(G76*(1+J76),2) -> 61.17 | I76: =ROUND(E76*H76,2) -> 4985.36 | J76: =I$5 -> 0.2423 | L76: 49.24
A77: 1.7. | B77: DISPOSITIVOS DE DRENAGEM: ESCADA HIDRÁULICA C/ ESTACA | I77: =SUM(I78:I85) -> 139988.79 | J77: -
A78: 1.7.1. | B78: ESCAVAÇÃO MANUAL PARA VIGA BALDRAME OU SAPATA CORRIDA (INCLUINDO ESCAVAÇÃO PARA COLOCAÇÃO DE FÔRMAS). AF_01/2024 | C78: SINAPI | D78: 96527 | E78: 89.21 | F78: M3 | G78: =(L78*(1-I$8)) -> 121.2 | H78: =ROUND(G78*(1+J78),2) -> 150.57 | I78: =ROUND(E78*H78,2) -> 13432.35 | J78: =I$5 -> 0.2423 | L78: 121.2
A79: 1.7.2. | B79: CARGA, MANOBRA E DESCARGA DE ENTULHO EM CAMINHÃO BASCULANTE 18 M³ - CARGA COM ESCAVADEIRA HIDRÁULICA (CAÇAMBA DE 0,80 M³ / 111 HP) E DESCARGA LIVRE (UNIDADE: T). AF_02/2026 | C79: SINAPI | D79: 101000 | E79: 215.4 | F79: T | G79: =(L79*(1-I$8)) -> 6.31 | H79: =ROUND(G79*(1+J79),2) -> 7.84 | I79: =ROUND(E79*H79,2) -> 1688.74 | J79: =I$5 -> 0.2423 | L79: 6.31
A80: 1.7.3. | B80: TRANSPORTE COM CAMINHÃO BASCULANTE DE 18 M³, EM VIA URBANA PAVIMENTADA, DMT ATÉ 30 KM (UNIDADE: M3XKM). AF_02/2026 | C80: SINAPI | D80: 95877 | E80: 1088.95 | F80: M3XKM | G80: =(L80*(1-I$8)) -> 2.07 | H80: =ROUND(G80*(1+J80),2) -> 2.57 | I80: =ROUND(E80*H80,2) -> 2798.6 | J80: =I$5 -> 0.2423 | L80: 2.07
A81: 1.7.4. | B81: TAXA DE DESTINAÇÃO DE RESÍDUOS INSERVÍVEIS EM ATERRO DE INERTES LICENCIADO PELA PJF | C81: COTAÇÃO | D81: COT1 | E81: 117.09 | F81: M3 | G81: =(L81*(1-I$8)) -> 25.75 | H81: =ROUND(G81*(1+J81),2) -> 30.08 | I81: =ROUND(E81*H81,2) -> 3522.07 | J81: =I$7 -> 0.168 | L81: 25.75
A82: 1.7.5. | B82: ESCADA HIDRÁULICA, LARGURA ATÉ 1M, TIPO DESCIDA D'ÁGUA DE CORTE OU ATERRO EM DEGRAUS (DCD 02, 04 E DAD 02), EM CONCRETO USINADO, FCK = 20 MPA, LANÇADO COM BOMBA, EXCETO ARMAÇÃO, INCLUSIVE MATERIAIS E FÔRMAS (3 UTILIZAÇÕES) (SINAPI 103925 D.B.: 07/2026) | C82: Composição | D82: 103925 | E82: 33.03 | F82: M3 | G82: =(L82*(1-I$8)) -> 1392.52 | H82: =ROUND(G82*(1+J82),2) -> 1729.93 | I82: =ROUND(E82*H82,2) -> 57139.59 | J82: =I$5 -> 0.2423 | L82: 1392.52
A83: 1.7.6. | B83: ARMAÇÃO DE ESCADA, DE UMA ESTRUTURA CONVENCIONAL DE CONCRETO ARMADO UTILIZANDO AÇO CA-50 DE 6,3 MM - MONTAGEM. AF_11/2020 | C83: SINAPI | D83: 95944 | E83: 1932.56 | F83: KG | G83: =(L83*(1-I$8)) -> 20.99 | H83: =ROUND(G83*(1+J83),2) -> 26.08 | I83: =ROUND(E83*H83,2) -> 50401.16 | J83: =I$5 -> 0.2423 | L83: 20.99
A84: 1.7.7. | B84: ARMAÇÃO DE ESCADA, DE UMA ESTRUTURA CONVENCIONAL DE CONCRETO ARMADO UTILIZANDO AÇO CA-50 DE 8,0 MM - MONTAGEM. AF_11/2020 | C84: SINAPI | D84: 95945 | E84: 273.11 | F84: KG | G84: =(L84*(1-I$8)) -> 16.12 | H84: =ROUND(G84*(1+J84),2) -> 20.03 | I84: =ROUND(E84*H84,2) -> 5470.39 | J84: =I$5 -> 0.2423 | L84: 16.12
A85: 1.7.8. | B85: ESTACA BROCA DE CONCRETO 20MPA, DIÂMETRO DE 11CM, ESCAVAÇÃO MANUAL COM TRADO CONCHA, COM ARMADURA, CONFORME PROJETO (SINAPI 101173 D.B.: 07/2026) | C85: Composição | D85: 101173A | E85: 90.5 | F85: M | G85: =(L85*(1-I$8)) -> 49.24 | H85: =ROUND(G85*(1+J85),2) -> 61.17 | I85: =ROUND(E85*H85,2) -> 5535.89 | J85: =I$5 -> 0.2423 | L85: 49.24
A86: 1.8. | B86: DISPOSITIVOS DE DRENAGEM: CAIXA DE PASSAGEM HIDRÁULICA - 2 (1,36M x 1,36M x 0,93M) | I86: =SUM(I87:I93) -> 2586.8 | J86: -
A87: 1.8.1. | B87: ESCAVAÇÃO MANUAL PARA VIGA BALDRAME OU SAPATA CORRIDA (INCLUINDO ESCAVAÇÃO PARA COLOCAÇÃO DE FÔRMAS). AF_01/2024 | C87: SINAPI | D87: 96527 | E87: 1.72 | F87: M3 | G87: =(L87*(1-I$8)) -> 121.2 | H87: =ROUND(G87*(1+J87),2) -> 150.57 | I87: =ROUND(E87*H87,2) -> 258.98 | J87: =I$5 -> 0.2423 | L87: 121.2
A88: 1.8.2. | B88: CARGA, MANOBRA E DESCARGA DE ENTULHO EM CAMINHÃO BASCULANTE 18 M³ - CARGA COM ESCAVADEIRA HIDRÁULICA (CAÇAMBA DE 0,80 M³ / 111 HP) E DESCARGA LIVRE (UNIDADE: T). AF_02/2026 | C88: SINAPI | D88: 101000 | E88: 4.02 | F88: T | G88: =(L88*(1-I$8)) -> 6.31 | H88: =ROUND(G88*(1+J88),2) -> 7.84 | I88: =ROUND(E88*H88,2) -> 31.52 | J88: =I$5 -> 0.2423 | L88: 6.31
A89: 1.8.3. | B89: TRANSPORTE COM CAMINHÃO BASCULANTE DE 18 M³, EM VIA URBANA PAVIMENTADA, DMT ATÉ 30 KM (UNIDADE: M3XKM). AF_02/2026 | C89: SINAPI | D89: 95877 | E89: 20.79 | F89: M3XKM | G89: =(L89*(1-I$8)) -> 2.07 | H89: =ROUND(G89*(1+J89),2) -> 2.57 | I89: =ROUND(E89*H89,2) -> 53.43 | J89: =I$5 -> 0.2423 | L89: 2.07
A90: 1.8.4. | B90: TAXA DE DESTINAÇÃO DE RESÍDUOS INSERVÍVEIS EM ATERRO DE INERTES LICENCIADO PELA PJF | C90: COTAÇÃO | D90: COT1 | E90: 2.24 | F90: M3 | G90: =(L90*(1-I$8)) -> 25.75 | H90: =ROUND(G90*(1+J90),2) -> 30.08 | I90: =ROUND(E90*H90,2) -> 67.38 | J90: =I$7 -> 0.168 | L90: 25.75
A91: 1.8.5. | B91: ARMAÇÃO DE ESTRUTURAS DIVERSAS DE CONCRETO ARMADO, EXCETO VIGAS, PILARES, LAJES E FUNDAÇÕES, UTILIZANDO AÇO CA-50 DE 6,3 MM - MONTAGEM. AF_06/2022 | C91: SINAPI | D91: 92916 | E91: 47.78 | F91: KG | G91: =(L91*(1-I$8)) -> 15.21 | H91: =ROUND(G91*(1+J91),2) -> 18.9 | I91: =ROUND(E91*H91,2) -> 903.04 | J91: =I$5 -> 0.2423 | L91: 15.21
A92: 1.8.6. | B92: CONCRETAGEM DE DISSIPADOR DE ENERGIA, CONCRETO USINADO, FCK = 20 MPA, COM USO DE BOMBA - LANÇAMENTO, ADENSAMENTO E ACABAMENTO. AF_08/2022 | C92: SINAPI | D92: 103798 | E92: 0.75 | F92: M3 | G92: =(L92*(1-I$8)) -> 693.91 | H92: =ROUND(G92*(1+J92),2) -> 862.04 | I92: =ROUND(E92*H92,2) -> 646.53 | J92: =I$5 -> 0.2423 | L92: 693.91
A93: 1.8.7. | B93: FABRICAÇÃO, MONTAGEM E DESMONTAGEM DE FÔRMA PARA VIGA BALDRAME, EM MADEIRA SERRADA, E=25 MM, 2 UTILIZAÇÕES. AF_01/2024 | C93: SINAPI | D93: 96533 | E93: 5.06 | F93: M2 | G93: =(L93*(1-I$8)) -> 99.57 | H93: =ROUND(G93*(1+J93),2) -> 123.7 | I93: =ROUND(E93*H93,2) -> 625.92 | J93: =I$5 -> 0.2423 | L93: 99.57
A94: 1.9. | B94: DISPOSITIVOS DE DRENAGEM: CAIXA DE PASSAGEM HIDRÁULICA - 1 (1,36M x 1,36M x 0,93M) | I94: =SUM(I95:I101) -> 2586.8 | J94: -
A95: 1.9.1. | B95: ESCAVAÇÃO MANUAL PARA VIGA BALDRAME OU SAPATA CORRIDA (INCLUINDO ESCAVAÇÃO PARA COLOCAÇÃO DE FÔRMAS). AF_01/2024 | C95: SINAPI | D95: 96527 | E95: 1.72 | F95: M3 | G95: =(L95*(1-I$8)) -> 121.2 | H95: =ROUND(G95*(1+J95),2) -> 150.57 | I95: =ROUND(E95*H95,2) -> 258.98 | J95: =I$5 -> 0.2423 | L95: 121.2
A96: 1.9.2. | B96: CARGA, MANOBRA E DESCARGA DE ENTULHO EM CAMINHÃO BASCULANTE 18 M³ - CARGA COM ESCAVADEIRA HIDRÁULICA (CAÇAMBA DE 0,80 M³ / 111 HP) E DESCARGA LIVRE (UNIDADE: T). AF_02/2026 | C96: SINAPI | D96: 101000 | E96: 4.02 | F96: T | G96: =(L96*(1-I$8)) -> 6.31 | H96: =ROUND(G96*(1+J96),2) -> 7.84 | I96: =ROUND(E96*H96,2) -> 31.52 | J96: =I$5 -> 0.2423 | L96: 6.31
A97: 1.9.3. | B97: TRANSPORTE COM CAMINHÃO BASCULANTE DE 18 M³, EM VIA URBANA PAVIMENTADA, DMT ATÉ 30 KM (UNIDADE: M3XKM). AF_02/2026 | C97: SINAPI | D97: 95877 | E97: 20.79 | F97: M3XKM | G97: =(L97*(1-I$8)) -> 2.07 | H97: =ROUND(G97*(1+J97),2) -> 2.57 | I97: =ROUND(E97*H97,2) -> 53.43 | J97: =I$5 -> 0.2423 | L97: 2.07
A98: 1.9.4. | B98: TAXA DE DESTINAÇÃO DE RESÍDUOS INSERVÍVEIS EM ATERRO DE INERTES LICENCIADO PELA PJF | C98: COTAÇÃO | D98: COT1 | E98: 2.24 | F98: M3 | G98: =(L98*(1-I$8)) -> 25.75 | H98: =ROUND(G98*(1+J98),2) -> 30.08 | I98: =ROUND(E98*H98,2) -> 67.38 | J98: =I$7 -> 0.168 | L98: 25.75
A99: 1.9.5. | B99: ARMAÇÃO DE ESTRUTURAS DIVERSAS DE CONCRETO ARMADO, EXCETO VIGAS, PILARES, LAJES E FUNDAÇÕES, UTILIZANDO AÇO CA-50 DE 6,3 MM - MONTAGEM. AF_06/2022 | C99: SINAPI | D99: 92916 | E99: 47.78 | F99: KG | G99: =(L99*(1-I$8)) -> 15.21 | H99: =ROUND(G99*(1+J99),2) -> 18.9 | I99: =ROUND(E99*H99,2) -> 903.04 | J99: =I$5 -> 0.2423 | L99: 15.21
A100: 1.9.6. | B100: CONCRETAGEM DE DISSIPADOR DE ENERGIA, CONCRETO USINADO, FCK = 20 MPA, COM USO DE BOMBA - LANÇAMENTO, ADENSAMENTO E ACABAMENTO. AF_08/2022 | C100: SINAPI | D100: 103798 | E100: 0.75 | F100: M3 | G100: =(L100*(1-I$8)) -> 693.91 | H100: =ROUND(G100*(1+J100),2) -> 862.04 | I100: =ROUND(E100*H100,2) -> 646.53 | J100: =I$5 -> 0.2423 | L100: 693.91
A101: 1.9.7. | B101: FABRICAÇÃO, MONTAGEM E DESMONTAGEM DE FÔRMA PARA VIGA BALDRAME, EM MADEIRA SERRADA, E=25 MM, 2 UTILIZAÇÕES. AF_01/2024 | C101: SINAPI | D101: 96533 | E101: 5.06 | F101: M2 | G101: =(L101*(1-I$8)) -> 99.57 | H101: =ROUND(G101*(1+J101),2) -> 123.7 | I101: =ROUND(E101*H101,2) -> 625.92 | J101: =I$5 -> 0.2423 | L101: 99.57
...

Sheet Cronograma Físico-Financeiro
A1: PREFEITURA DE JUIZ DE FORA
A2: SECRETARIA DE OBRAS
A3: SUBSECRETARIA DE GESTÃO DE OBRAS PÚBLICAS
A4: CRONOGRAMA FÍSICO-FINANCEIRO PROPONENTE
A5: OBRA: | B5: CONTENÇÃO E ESTABILIZAÇÃO DE TALUDE NA AV. OLAVO BILAC - CURVA DA MISÉRIA | H5: LOCAL: | I5: JUIZ DE FORA/MG
A6: PROPONENTE: | B6: =Planilha!B8 -> 0 | E6: CNPJ: | F6: =Planilha!D8 -> 0
A7: ITEM | B7: DESCRIÇÃO | C7: VALOR TOTAL | D7: PESO (%) | E7: PERÍODO (MESES)
E8: 1 | F8: 2 | G8: 3 | H8: 4 | I8: 5 | J8: 6 | K8: 7 | L8: 8 | M8: 9 | N8: 10 | O8: 11 | P8: 12 | Q8: 13 | R8: 14 | S8: 15
A9: 1 | B9: ADMINISTRAÇÃO LOCAL (12 MESES: OBRA) | C9: =Planilha!I11 -> 391717 | D9: =C9/C$37 -> 0.047055044 | H9: 0.092800008 | I9: 0.092800008 | J9: 0.078299999 | K9: 0.078299999 | L9: 0.078299999 | M9: 0.077799995 | N9: 0.074799998 | O9: 0.074799998 | P9: 0.07379999 | Q9: 0.088399995 | R9: 0.09630001 | S9: 0.093599999
H10: =$C9*H9 -> 36351.341 | I10: =$C9*I9 -> 36351.341 | J10: =$C9*J9 -> 30671.441 | K10: =$C9*K9 -> 30671.441 | L10: =$C9*L9 -> 30671.441 | M10: =$C9*M9 -> 30475.581 | N10: =$C9*N9 -> 29300.431 | O10: =$C9*O9 -> 29300.431 | ... S10: =$C9*S9 -> 36664.711
A11: 2 | B11: ENSAIOS E SONDAGEM | C11: =Planilha!I13 -> 119279.06 | D11: =C11/C$37 -> 0.014328409 | E11: 1
E12: =$C11*E11 -> 119279.06
A13: 3 | B13: SERVIÇOS PRELIMINARES / CANTEIRO DE OBRAS | C13: =Planilha!I28 -> 93755.63 | D13: =C13/C$37 -> 0.011262404 | H13: 0.091956504 | I13: 0.091956504 | J13: 0.078842199 | K13: 0.078842199 | L13: 0.078842199 | M13: 0.078275513 | N13: 0.073740958 | O13: 0.073740958 | P13: 0.073189205 | Q13: 0.088549136 | R13: 0.097251653 | S13: 0.094812973
H14: =$C13*H13 -> 8621.44 | I14: =$C13*I13 -> 8621.44 | J14: =$C13*J13 -> 7391.9 | K14: =$C13*K13 -> 7391.9 | L14: =$C13*L13 -> 7391.9 | M14: =$C13*M13 -> 7338.77 | N14: =$C13*N13 -> 6913.63 | O14: =$C13*O13 -> 6913.63 | ... S14: =$C13*S13 -> 8889.25
A15: 4 | B15: TERRAPLENAGEM, DEMOLIÇÕES E REMOÇÕES | C15: =Planilha!I41 -> 210264.29 | D15: =C15/C$37 -> 0.025258019 | H15: 0.5 | I15: 0.5
H16: =$C15*H15 -> 105132.15 | I16: =$C15*I15 -> 105132.15
A17: 5 | B17: SOLO GRAMPEADO | C17: =Planilha!I50 -> 7179380.3 | D17: =C17/C$37 -> 0.86242378 | H17: 0.083334152 | I17: 0.083334152 | J17: 0.083334152 | K17: 0.083334152 | L17: 0.083334152 | M17: 0.083334152 | N17: 0.083333481 | O17: 0.083333478 | P17: 0.083332498 | Q17: 0.083332055 | R17: 0.083331787 | S17: 0.083331787
H18: =$C17*H17 -> 598287.57 | I18: =$C17*I17 -> 598287.57 | J18: =$C17*J17 -> 598287.57 | K18: =$C17*K17 -> 598287.57 | L18: =$C17*L17 -> 598287.57 | M18: =$C17*M17 -> 598287.57 | N18: =$C17*N17 -> 598282.75 | O18: =$C17*O17 -> 598282.73 | ... S18: =$C17*S17 -> 598270.59
A19: 6 | B19: DISPOSITIVOS DE DRENAGEM: VALETA TRAPEZOIDAL DE CONCRETO COM ESTACA | C19: =Planilha!I70 -> 69302.8 | D19: =C19/C$37 -> 0.0083250058 | Q19: 1
Q20: =$C19*Q19 -> 69302.8
A21: 7 | B21: DISPOSITIVOS DE DRENAGEM: ESCADA HIDRÁULICA COM ESTACA | C21: =Planilha!I77 -> 139988.79 | D21: =C21/C$37 -> 0.016816167 | R21: 1
R22: =$C21*R21 -> 139988.79
A23: 8 | B23: DISPOSITIVOS DE DRENAGEM: CAIXA DE PASSAGEM HIDRÁULICA - 2 (1,36M x 1,36M x 0,93M) | C23: =Planilha!I86 -> 2586.8 | D23: =C23/C$37 -> 0.00031073961 | S23: 1
S24: =$C23*S23 -> 2586.8
A25: 9 | B25: DISPOSITIVOS DE DRENAGEM: CAIXA DE PASSAGEM HIDRÁULICA - 1 (1,36M x 1,36M x 0,93M) | C25: =Planilha!I94 -> 2586.8 | D25: =C25/C$37 -> 0.00031073961 | S25: 1
S26: =$C25*S25 -> 2586.8
A27: 10 | B27: DISPOSITIVOS DE DRENAGEM: CAIXA DE PASSAGEM HIDRÁULICA - 3 (1,36M x 1,36M x 0,93M) | C27: =Planilha!I102 -> 2586.8 | D27: =C27/C$37 -> 0.00031073961 | S27: 1
S28: =$C27*S27 -> 2586.8
A29: 11 | B29: DISPOSITIVOS DE DRENAGEM: CAIXA DE PASSAGEM HIDRÁULICA - 4 (1,36M x 1,36M x 0,93M) | C29: =Planilha!I110 -> 2586.8 | D29: =C29/C$37 -> 0.00031073961 | S29: 1
S30: =$C29*S29 -> 2586.8
A31: 12 | B31: URBANISMO | C31: =Planilha!I118 -> 58017.3 | D31: =C31/C$37 -> 0.006969334 | Q31: =1/3 -> 0.33333333 | R31: =1/3 -> 0.33333333 | S31: =1/3 -> 0.33333333
Q32: =$C31*Q31 -> 19339.1 | R32: =$C31*R31 -> 19339.1 | S32: =$C31*S31 -> 19339.1
A33: 13 | B33: PROJETO EXECUTIVO | C33: =Planilha!I122 -> 44366.52 | D33: =C33/C$37 -> 0.0053295327 | E33: 0.092411801 | F33: 0.59039316 | G33: 0.31719504
E34: =$C33*E33 -> 4099.99 | F34: =$C33*F33 -> 26193.69 | G34: =$C33*G33 -> 14072.84
A35: 14 | B35: COMO CONSTRUÍDO ("AS BUILT") | C35: =Planilha!I133 -> 8236 | D35: =C35/C$37 -> 0.00098935032 | S35: 1
S36: =$C35*S35 -> 8236
A37: VALOR E % TOTAL / PERCENTUAL MENSAL | C37: =SUM(C9:C36) -> 8324654.9 | D37: =SUM(D9:D36) -> 1 | E37: =E38/$C37 -> 0.014820921 | F37: =F38/$C37 -> 0.0031465196 | G37: =G38/$C37 -> 0.0016905013 | H37: =H38/$C37 -> 0.089900724 | I37: =I38/$C37 -> 0.089900724 | J37: =J38/$C37 -> 0.076441717 | K37: =K38/$C37 -> 0.076441717 | L37: =L38/$C37 -> 0.076441717 | ... S37: =S38/$C37 -> 0.081894909
A38: VALOR MENSAL | E38: =E10+E12+E14+E16+E18+E20+E22+E24+E26+E28+E30+E32+E34+E36 -> 123379.05 | F38: =F10+F12+F14+F16+F18+F20+F22+F24+F26+F28+F30+F32+F34+F36 -> 26193.69 | G38: =G10+G12+G14+G16+G18+G20+G22+G24+G26+G28+G30+G32+G34+G36 -> 14072.84 | H38: =H10+H12+H14+H16+H18+H20+H22+H24+H26+H28+H30+H32+H34+H36 -> 748392.5 | I38: =I10+I12+I14+I16+I18+I20+I22+I24+I26+I28+I30+I32+I34+I36 -> 748392.5 | J38: =J10+J12+J14+J16+J18+J20+J22+J24+J26+J28+J30+J32+J34+J36 -> 636350.91 | K38: =K10+K12+K14+K16+K18+K20+K22+K24+K26+K28+K30+K32+K34+K36 -> 636350.91 | L38: =L10+L12+L14+L16+L18+L20+L22+L24+L26+L28+L30+L32+L34+L36 -> 636350.91 | ... S38: =S10+S12+S14+S16+S18+S20+S22+S24+S26+S28+S30+S32+S34+S36 -> 681746.85
A39: PERCENTUAL MENSAL | E39: =E38/$C37 -> 0.014820921 | F39: =F38/$C37 -> 0.0031465196 | G39: =G38/$C37 -> 0.0016905013 | H39: =H38/$C37 -> 0.089900724 | I39: =I38/$C37 -> 0.089900724 | J39: =J38/$C37 -> 0.076441717 | K39: =K38/$C37 -> 0.076441717 | L39: =L38/$C37 -> 0.076441717 | ... S39: =S38/$C37 -> 0.081894909
A40: VALOR ACUMULADO | E40: =E38 -> 123379.05 | F40: =F38+E40 -> 149572.74 | G40: =G38+F40 -> 163645.58 | H40: =H38+G40 -> 912038.08 | I40: =I38+H40 -> 1660430.6 | J40: =J38+I40 -> 2296781.5 | K40: =K38+J40 -> 2933132.4 | L40: =L38+K40 -> 3569483.3 | M40: =M38+L40 -> 4205585.2 | ... S40: =S38+R40 -> 8324654.9
A41: PERCENTUAL ACUMULADO | E41: =E40/$C37 -> 0.014820921 | F41: =E41+F39 -> 0.01796744 | G41: =F41+G39 -> 0.019657942 | H41: =G41+H39 -> 0.10955867 | I41: =H41+I39 -> 0.19945939 | J41: =I41+J39 -> 0.27590111 | K41: =J41+K39 -> 0.35234282 | L41: =K41+L39 -> 0.42878454 | M41: =L41+M39 -> 0.50519635 | ... S41: =R41+S39 -> 1

Sheet Composição de BDI
A1: PREFEITURA DE JUIZ DE FORA
A2: SECRETARIA DE OBRAS
A3: SUBSECRETARIA DE GESTÃO DE OBRAS PÚBLICAS
A4: COMPOSIÇÃO DE BDI PROPONENTE
A5: OBRA: CONTENÇÃO E ESTABILIZAÇÃO DE TALUDE NA AV. OLAVO BILAC - CURVA DA MISÉRIA / JUIZ DE FORA/MG
A6: PROPONENTE / CNPJ:
A7: Construção e Reforma de Edifícios
A8: ITENS: | B8: Siglas | C8: % Adotado
A9: Administração Central | B9: AC | C9: 0.0461
A10: Seguro e Garantia | B10: SG | C10: 0.008
A11: Risco | B11: R | C11: 0.0097
A12: Despesas Financeiras | B12: DF | C12: 0.0121
A13: Lucro | B13: L | C13: 0.0771
A14: Impostos | B14: I | C14: =C15+C16+C17 -> 0.0665
A15: PIS | B15: PIS | C15: 0.0065
A16: COFINS | B16: COFINS | C16: 0.03
A17: ISSQN | B17: ISSQN | C17: 0.03
A18: CPRB | B18: CPRB | C18: 0
A19: BDI SEM desoneração (Fórmula Acórdão TCU) | B19: BDI PAD | C19: =((1+C9+C10+C11)*(1+C12)*(1+C13)/(1-C14))-1 -> 0.24229608
A20: BDI ONERADO OBRA: | B20: LDI | C20: =ROUND(C19,4) -> 0.2423
A22: Fornecimento de Materiais e Equipamentos (Aquisição indireta em conjunto com licitação de obras)
A23: ITENS: | B23: Siglas | C23: % Adotado
A24: Administração Central | B24: AC | C24: 0.0154
A25: Seguro e Garantia | B25: SG | C25: 0.0047
A26: Risco | B26: R | C26: 0.0085
A27: Despesas Financeiras | B27: DF | C27: 0.0085
A28: Lucro | B28: L | C28: 0.0511
A29: Impostos | B29: I | C29: =C30+C31+C32 -> 0.0665
A30: PIS | B30: PIS | C30: 0.0065
A31: COFINS | B31: COFINS | C31: 0.03
A32: ISSQN | B32: ISSQN | C32: 0.03
A33: CPRB | B33: CPRB | C33: 0
A34: BDI Diferenciado SEM desoneração (Fórmula Acórdão TCU) | B34: BDI PAD | C34: =((1+C24+C25+C26)*(1+C27)*(1+C28)/(1-C29))-1 -> 0.16802499
A35: BDI DIFERENCIADO: | B35: LDI DIF. | C35: =ROUND(C34,4) -> 0.168
A37: Estudos e Projetos, Planos e Gerenciamento e outros correlatos
A38: ITENS: | B38: Siglas | C38: % Adotado
A39: Encargos Sociais incidentes sobre a mão de obra | B39: K1 | C39: 0
A40: Administração Central da empresa ou consultoria - overhead | B40: K2 | C40: 0.051
A41: Lucro | B41: K3 | C41: 0.12
A42: Impostos | B42: CP | C42: =C43+C44 -> 0.0365
A43: PIS | B43: PIS | C43: 0.0065
A44: COFINS | B44: COFINS | C44: 0.03
A45: ISSQN | B45: ISSQN | C45: 0.03
A46: CPRB | B46: CPRB | C46: 0
A47: BDI ONERADO PROJETO: | B47: BDI PROJ. | C47: =ROUND(((1+C39+C40)*(1+C41))/(1-C42-C45-C46)-1,3) -> 0.261
